 Dungeon Crawl Stone Soup version 0.20-a0-947-g2784f4f (webtiles) character file.

27 Koga the Grave Robber (level 2, -2/19 HPs)
             Began as a Mummy Necromancer on Apr 3, 2017.
             Slain by a gnoll
             ... wielding a +0 flail
              (9 damage)
             ... on level 1 of the Dungeon.
             The game lasted 00:03:44 (787 turns).

Koga the Grave Robber (Mummy Necromancer)            Turns: 787, Time: 00:03:45

Health: -2/19      AC:  2    Str: 11    XL:     2   Next: 93%
Magic:  0/6        EV: 12    Int: 14    God:
Gold:   35         SH:  0    Dex: 12    Spells: 7/8 levels left

rFire    x . .     SeeInvis .   c - +0 dagger (venom)
rCold    + . .     Gourm    .   (no shield)
rNeg     + + +     Faith    .   a - +0 robe
rPois    ∞         Spirit   .   (no helmet)
rElec    .         Reflect  .   (no cloak)
rCorr    .         Harm     .   (no gloves)
MR       .....                  (no boots)
Stlth    ++........             (no amulet)
Regen    0.1/turn               (no ring)
MPRegen  0.1/turn               (no ring)

@: very slightly contaminated
A: no food or potions, fire vulnerability, cold resistance 1, negative energy
resistance 3, torment resistance, unbreathing
a: no special abilities


You were on level 1 of the Dungeon.
You were not hungry.

You visited 1 branch of the dungeon, and saw 2 of its levels.

You collected 35 gold pieces.

Inventory:

Hand Weapons
 c - a +0 dagger of venom (weapon)
Armour
 a - a +0 robe (worn)
Scrolls
 d - 2 scrolls of blinking {unknown}
 e - a scroll of teleportation {unknown}
 f - a scroll of noise {unknown}
 g - a scroll of random uselessness {unknown}
 h - a scroll of identify {unknown}
Books
 b - a book of Necromancy

   Spells                             Type                      Level
   a - Pain                           Necromancy                   1
   b - Animate Skeleton               Necromancy                   1
   c - Vampiric Draining              Necromancy                   3
   d - Regeneration                   Charms/Necromancy            3
   e - Animate Dead                   Necromancy                   4
   f - Control Undead                 Necromancy                   4


   Skills:
 - Level 1.5 Dodging
 - Level 1.5 Stealth
 * Level 3.7 Spellcasting
 + Level 4.4 Necromancy


You had 7 spell levels left.
You knew the following spells:

 Your Spells              Type           Power        Failure   Level  Hunger
a - Pain                  Necr           ##..         3%          1    N/A

Dungeon Overview and Level Annotations

Branches:
Dungeon (2/15)

Altars:


Innate Abilities, Weirdness & Mutations

You do not eat or drink.
Your flesh is vulnerable to fire.
You are immune to poison.
Your flesh is cold resistant. (rC+)
You are immune to negative energy. (rN+++)
You are immune to unholy pain and torment.
You can survive without breathing.


Message History

Casting: Pain
Confirm with . or Enter, or press ? or * to list all spells.
Aiming: Pain
Press: ? - help, Shift-Dir - straight line, f/p - gnoll
Aim: a gnoll, wielding a flail (moderately wounded, chance to defeat MR: 79%)
The gnoll barely resists.
The gnoll hits you but does no damage.
The gnoll hits you from afar with a spear.
There is a stone staircase leading up here.
The gnoll hits you with a flail!
Ouch! That really hurt!
The gnoll completely misses you.
You climb upwards.
There is a stone staircase leading down here.
Casting: Pain
Confirm with . or Enter, or press ? or * to list all spells.
Aiming: Pain
Press: ? - help, Shift-Dir - straight line, f - gnoll
Aim: a gnoll, wielding a flail (moderately wounded, chance to defeat MR: 79%)
The gnoll writhes in agony!
The gnoll hits you with a flail!
You die...

#######.## #....)##.# ###.##
........# #........# #..#..
#######.## #.....##.# #.#.## ..#
##.#.## #........#####.#.#
#.###.###.#####.####...........#
#.##.## ##................##.###
#.....###.###.#........##.##.#
######.#.## #.##g##.##....##.#
........#####.##@##.#.....##.#
#######....!.....##........#.####
#######.#####..............
#.#####.(........####
#.......†.....####
##########...## #####


You could see a gnoll.

Vanquished Creatures
  An ooze (D:1)
  7 bats
  A goblin (D:2)
  4 hobgoblins (D:1)
  4 kobolds
  A quokka (D:2)
  2 frilled lizards (D:1)
  2 rats (D:1)
22 creatures vanquished.

Notes
Turn   | Place    | Note
-------+----------+-------------------------------------------
     0 | D:1      | Koga the Mummy Necromancer began the quest for the Orb.
     0 | D:1      | Reached XP level 1. HP: 13/13 MP: 4/4
   164 | D:1      | Reached XP level 2. HP: 19/19 MP: 0/6
   787 | D:1      | Slain by a gnoll

Vault maps used:
D:1:      minmay_arrival_jagged
D:2:      minmay_roachtagon, grunt_qazlal_sundering

Skill      XL: |  1 |
---------------+----+-----
Spellcasting   | 3 |  3.7
Dodging        | |  1.5
Stealth        | |  1.5
Necromancy     | |  4.4

Action                   || total
-------------------------++-------
Melee: Dagger            ||     4
 Cast: Pain              ||    47
Armor: Robe              ||     2
Dodge: Dodged            ||     8
